 Dungeon Crawl Stone Soup version 0.28.0-49-g6dfe1f597d (webtiles) character file.

Game seed: 1624067680064446026

826 Peloso the Slasher (level 7, -20/62 HPs)
             Began as a Minotaur Fighter on May 17, 2022.
             Was a Follower of Okawaru.
             Demolished by an ogre
             ... wielding a +0 giant spiked club
              (27 damage)
             ... on level 5 of the Dungeon.
             The game lasted 00:06:16 (4208 turns).

Peloso the Slasher (Minotaur Fighter)               Turns: 4208, Time: 00:06:16

Health: -20/62     AC: 14    Str: 21    XL:     7   Next: 64%
Magic:  6/6        EV:  6    Int:  5    God:    Okawaru [*.....]
Gold:   280        SH:  5    Dex: 11    Spells: 6/6 levels left

rFire   . . .      SeeInvis .   a - +0 long sword
rCold   . . .      Faith    .   c - +0 buckler
rNeg    + . .      Spirit   .   q - +0 plate armour
rPois   +          Reflect  .   j - +0 hat
rElec   .          Harm     .   (no cloak)
rCorr   .          Rampage  .   i - +0 pair of gloves
Will    .....                   (no boots)
Stlth   ..........              (no amulet)
HPRegen 0.20/turn               u - ring of poison resistance
MPRegen 0.10/turn               o - ring of positive energy

@: no status effects
A: horns 2, retaliatory headbutt
a: Renounce Religion, Heroism


You were on level 5 of the Dungeon.
You worshipped Okawaru.
Okawaru was aware of your devotion.
You visited 1 branch of the dungeon, and saw 5 of its levels.

You collected 280 gold pieces.

Inventory:

Hand Weapons
 a - a +0 long sword (weapon)
Armour
 b - a +0 scale mail
 c - a +0 buckler (worn)
 i - a +0 pair of gloves (worn)
 j - a +0 hat (worn)
 q - a +0 plate armour (worn)
Jewellery
 o - a ring of positive energy (right hand)
 s - a ring of positive energy
 u - a ring of poison resistance (left hand)
 v - an amulet of the acrobat
Wands
 l - a wand of digging (7)
Scrolls
 f - 2 scrolls of teleportation
 m - a scroll of fear
Potions
 d - 2 potions of might
 e - 2 potions of curing
 g - 2 potions of resistance
 h - a potion of ambrosia {unknown}
 k - a potion of degeneration {unknown}
 p - 2 potions of heal wounds {unknown}
 t - 2 potions of mutation {unknown}


   Skills:
 + Level 5.8 Fighting
 + Level 6.9 Long Blades
 + Level 6.3 Armour
 + Level 1.4 Dodging
 + Level 0.2 Stealth
 + Level 5.0 Shields


You had 6 spell levels left.
You didn't know any spells.
Your spell library contained the following spells:

 Spells                   Type           Power      Damage    Failure   Level
 Magic Dart               Conj           0%         1d3       100%        1
 Corpse Rot               Necr/Air       0%         N/A       100%        2
 Ensorcelled Hibernation  Hex/Ice        0%         N/A       100%        2
 Poisonous Vapours        Pois/Air       0%         N/A       100%        2
 Searing Ray              Conj           0%         2d4       100%        2
 Spider Form              Tmut/Pois      0%         N/A       100%        3
 Anguish                  Hex/Necr       0%         N/A       100%        4
 Fulminant Prism          Conj/Hex       0%         3d6       100%        4


Dungeon Overview and Level Annotations

Branches:
Dungeon (5/15)
 Temple: D:4-7

Altars:
Elyvilon
Fedhas
Makhleb
Okawaru
Vehumet
Wu Jian

Annotations:
D:4 3 runed translucent doors, Ebobla's ghost, amateur OgFi


Innate Abilities, Weirdness & Mutations

You have a pair of horns on your head.
You reflexively headbutt those who attack you in melee.


Message History

You pick up a book of Conjurations and begin reading...
You add the spells Magic Dart, Searing Ray and Fulminant Prism to your library.
Found a short sword and a plate armour.
Found a dagger.
An ogre comes into view. It is wielding a +0 giant spiked club.
Found 30 arrows.
An ogre is nearby!
An ogre and a jelly come into view.
The ogre shouts!
The jelly completely misses you.
You fail to use your ability.
You block the jelly's attack.
You hit the jelly. The acid corrodes you!
Your hands burn!
The jelly is lightly wounded.
The jelly barely misses you.
You slash the jelly!
Your hands burn!
The jelly is almost dead.
You block the jelly's attack.
You slash the jelly!
You kill the jelly!
Okawaru accepts your kill.
Your Shields skill increases to level 5!
You hit the ogre but do no damage. You headbutt the ogre!
The ogre is heavily wounded.
The ogre hits you with a +0 giant spiked club!
You hit the ogre but do no damage. You headbutt the ogre.
The ogre is heavily wounded.
The ogre hits you with a +0 giant spiked club!!
You barely miss the ogre. Your headbutt misses the ogre.
The ogre is heavily wounded.
The ogre hits you with a +0 giant spiked club!
* * * LOW HITPOINT WARNING * * *
You barely miss the ogre.
The ogre is heavily wounded.
You slash the ogre!
The ogre is severely wounded.
The ogre hits you with a +0 giant spiked club.
* * * LOW HITPOINT WARNING * * *
You are no longer corroded.
The ogre hits you with a +0 giant spiked club!!
You die...

######## #......#
#......#######. .
#.....[........
..###############.)............
...........................)(..
.......#########...............
...###.O########@..............
...# ##.#....O.O.........$.....
...####.#..........###.........
...............^...# #.........
.......#.......................
.......#.......................
......##.......................
##....##...........#######.....
#....##.######..... #####


You could see 2 ogres.

Vanquished Creatures
  Sigmund (D:2)
  A yak (D:4)
  A black bear (D:4)
  A phantom (D:4)
  A wight (D:4)
  2 centaur zombies (D:4)
  A jelly (D:5)
  A hound (D:4)
  An orc wizard (D:3)
  Robin (D:2)
  6 adders
  3 worms
  A dart slug (D:3)
  8 orcs
  5 endoplasms
  3 giant cockroaches
  9 goblins
  8 hobgoblins
  6 jackals
  2 quokkas
  7 ball pythons
  6 bats
  8 frilled lizards
  8 kobolds
  5 rats
96 creatures vanquished.

Notes
Turn   | Place    | Note
-------+----------+-------------------------------------------
     0 | D:1      | Peloso the Minotaur Fighter began the quest for the Orb.
     0 | D:1      | Reached XP level 1. HP: 19/19 MP: 0/0
   248 | D:1      | Reached XP level 2. HP: 27/27 MP: 1/1
   572 | D:1      | Reached XP level 3. HP: 31/33 MP: 2/2
   966 | D:2      | Noticed Robin
   975 | D:2      | Killed Robin
   984 | D:2      | Reached XP level 4. HP: 34/40 MP: 3/3
  1368 | D:2      | Found a faded altar of an unknown god.
  1388 | D:2      | Noticed Sigmund
  2036 | D:3      | Reached skill level 1 in Dodging
  2084 | D:3      | Reached XP level 5. HP: 44/47 MP: 4/4
  2221 | D:3      | Found a blossoming altar of Fedhas.
  2252 | D:3      | Found an ornate altar of the Wu Jian Council.
  2255 | D:3      | Found an iron altar of Okawaru.
  2259 | D:3      | Became a worshipper of Warmaster Okawaru
  2263 | D:3      | Found a white marble altar of Elyvilon.
  2474 | D:4      | Noticed a black bear
  2479 | D:4      | Killed a black bear
  2480 | D:4      | Reached skill level 5 in Armour
  2535 | D:4      | Found a radiant altar of Vehumet.
  2550 | D:4      | Reached skill level 5 in Fighting
  2550 | D:4      | Reached XP level 6. HP: 56/56 MP: 5/5
  2628 | D:4      | Noticed a yak
  2638 | D:4      | Killed a yak
  2639 | D:4      | Reached skill level 5 in Long Blades
  2889 | D:4      | Found a runed translucent gate.
  2889 | D:4      | Found a runed translucent gate.
  2889 | D:4      | Found a runed translucent gate.
  2893 | D:4      | Noticed Ebobla's ghost (amateur OgFi)
  3025 | D:4      | Reached * piety under Okawaru
  3041 | D:4      | Reached XP level 7. HP: 55/61 MP: 6/6
  3228 | D:4      | Found a burning altar of Makhleb.
  3720 | D:2      | Killed Sigmund
  4112 | D:5      | Entered Level 5 of the Dungeon
  4187 | D:5      | Reached skill level 5 in Shields
  4191 | D:5      | HP: 3/62 [ogre/+0 giant spiked club (6)]
  4208 | D:5      | Demolished by an ogre

Illustrated notes

Levels and vault maps discovered:
D:1:      lemuel_arrival_river_ford, layout_rooms
D:2:      layout_loops_ring, shapermc_ecumenical_altar_notcrosses,
          minmay_nonomino_d4, uniq_robin, uniq_sigmund
D:3:      layout_loops_ring, general_overflow_altar,
          grunt_temple_overflow_diamond
D:4:      layout_basic, bloody_makhleb, nicolae_vehumet_altar_sigil,
          gammafunk_ghost_split, minmay_small_thing
D:5:      layout_basic, nicolae_hepliaklqana_hippocampus, temple_doors_ab,
          uniq_menkaure

Skill      XL: |  1  2  3  4  5  6  7 |
---------------+----------------------+-----
Fighting       | 4 5 |  5.8
Shields        | 4 5 |  5.0
Armour         | 4 5 6 |  6.3
Long Blades    | 3 4 6 |  6.9
Dodging        | 1 |  1.4
Stealth        | |  0.2

Action                   |  1- 3 |  4- 6 |  7- 9 || total
-------------------------+-------+-------+-------++-------
Melee: Long sword        |   106 |   126 |    58 ||   290
       Headbutt          |     7 |    15 |     9 ||    31
  Use: Scroll            |       |       |     5 ||     5
Armor: Scale mail        |    89 |    26 |       ||   115
       Plate armour      |       |    59 |    27 ||    86
Dodge: Dodged            |    66 |    31 |     9 ||   106
Block: Buckler           |    35 |    31 |     9 ||    75
